 Dungeon Crawl Stone Soup version 0.20.1-1-g8b1a95d (webtiles) character file.

65 Kashmaster1 the Grave Robber (level 3, -2/26 HPs)
             Began as a Vampire Necromancer on Oct 15, 2017.
             Slain by an adder (3 damage)
             ... on level 2 of the Dungeon.
             The game lasted 00:20:21 (3029 turns).

Kashmaster1 the Grave Robber (Vampire Necromancer)  Turns: 3029, Time: 00:20:21

Health: -2/26      AC:  6    Str:  8    XL:     3   Next: 92%
Magic:  0/6        EV:  3    Int: 17    God:
Gold:   82         SH:  9    Dex: 14    Spells: 5/7 levels left

rFire    . . .     SeeInvis +   l - +0 short sword
rCold    + . .     Gourm    .   m - +0 large shield
rNeg     + + .     Faith    .   n - +0 scale mail
rPois    +         Spirit   .   (no helmet)
rElec    .         Reflect  .   (no cloak)
rCorr    .         Harm     .   (no gloves)
MR       .....                  (no boots)
Stlth    ++........             (no amulet)
Regen    0.1/turn               (no ring)
MPRegen  0.1/turn               (no ring)

@: lethally poisoned (-2 -> -5), slightly contaminated, regenerating slowly
A: fangs 3, see invisible, unbreathing
a: Bat Form


You were on level 2 of the Dungeon.
You were very thirsty.

You visited 1 branch of the dungeon, and saw 2 of its levels.

You collected 82 gold pieces.

Inventory:

Hand Weapons
 c - a +0 dagger
 i - a +0 whip
 l - a +0 short sword (weapon)
Missiles
 f - 63 arrows
Armour
 a - a +0 robe
 m - a +0 large shield (worn)
 n - a +0 scale mail (worn)
Scrolls
 e - a scroll of fear
 k - a scroll of remove curse
Potions
 d - a potion of blood
 h - a potion of agility
 j - a potion of resistance
 o - a potion of flight {unknown}
Books
 b - a book of Necromancy

   Spells                             Type                      Level
   a - Pain                           Necromancy                   1
   b - Animate Skeleton               Necromancy                   1
   c - Vampiric Draining              Necromancy                   3
   d - Regeneration                   Charms/Necromancy            3
   e - Animate Dead                   Necromancy                   4
   f - Control Undead                 Necromancy                   4
Comestibles
 g - a meat ration
 p - a bread ration
 q - a royal jelly


   Skills:
 * Level 1.0 Fighting
 + Level 0.2 Short Blades
 + Level 2.4 Dodging
 + Level 3.3 Stealth
 * Level 2.5 Spellcasting
 * Level 5.2 Necromancy


You had 5 spell levels left.
You knew the following spells:

 Your Spells              Type           Power        Failure   Level  Hunger
a - Pain                  Necr           ###.         99%         1    #......
b - Animate Skeleton      Necr           N/A          99%         1    #......


Dungeon Overview and Level Annotations

Branches:
Dungeon (2/15)

Altars:
Xom


Innate Abilities, Weirdness & Mutations

You heal slowly.
You have razor-sharp teeth.
You have supernaturally acute eyesight. (SInv)
You can survive without breathing.


Message History

The adder poisons you! The adder bites you but does no damage.
You barely miss the adder. Your bite misses the adder.
The adder is heavily wounded.
You feel sick. The adder bites you.
You hit the adder.
The adder is heavily wounded.
You block the adder's attack. x2
You closely miss the adder.
The adder is heavily wounded.
You feel sick. The adder bites you. The adder bites you but does no damage.
You miss the adder.
The adder is heavily wounded.
The adder bites you.
* * * LOW HITPOINT WARNING * * *
You closely miss the adder.
The adder is heavily wounded.
The adder bites you.
* * * LOW HITPOINT WARNING * * *
The adder bites you.
You die...

.# .# '#### ....#
# ....# ##### .#
....# #...# ..#
.###########...##
#.# .#
#............##.##
.#
#.#######....@Sr.#
.# #.#
#.........#......
.# #.# #.#######.#
#.##. .###.# #.# #
>....# #.# ######
#.. ... ####


You could see an adder and a quokka.

Vanquished Creatures
  Jessica (D:2)
  An adder (D:2)
  A leopard gecko (D:1)
  2 giant cockroaches
  5 goblins
  4 hobgoblins
  2 kobolds
  A quokka (D:2)
  5 bats (D:1)
  2 frilled lizards (D:1)
  4 rats
28 creatures vanquished.

Notes
Turn   | Place    | Note
-------+----------+-------------------------------------------
     0 | D:1      | Kashmaster1 the Vampire Necromancer began the quest for the Orb.
     0 | D:1      | Reached XP level 1. HP: 13/13 MP: 3/3
     3 | D:1      | Learned a level 1 spell: Animate Skeleton
   632 | D:1      | Reached XP level 2. HP: 19/19 MP: 3/5
   947 | D:1      | Found a shimmering altar of Xom.
   950 | D:1      | Found a shimmering altar of Xom.
   950 | D:1      | Found a bloodstained altar of Trog.
   952 | D:1      | Found a snail-covered altar of Cheibriados.
   952 | D:1      | Found a blossoming altar of Fedhas.
   952 | D:1      | Found a shimmering altar of Xom.
  2101 | D:2      | Noticed Jessica
  2112 | D:2      | Killed Jessica
  2112 | D:2      | Reached skill level 5 in Necromancy
  2112 | D:2      | Reached XP level 3. HP: 18/25 MP: 4/6
  2838 | D:2      | Reached skill level 1 in Fighting
  3029 | D:2      | HP: 1/26 [adder (4)]
  3029 | D:2      | Slain by an adder

Skill      XL: |  1  2  3 |
---------------+----------+-----
Necromancy     | 5 |  5.2
Fighting       | 1 |  1.0
Short Blades   | |  0.2
Dodging        | |  2.4
Stealth        | |  3.3
Spellcasting   | |  2.5

Action                   || total
-------------------------++-------
Melee: Short sword       ||    73
       Whip              ||     9
       Bite              ||     8
 Cast: Pain              ||    30
       Animate Skeleton  ||     1
  Use: Potion            ||     8
       Scroll            ||     3
 Stab: Sleeping          ||     2
  Eat: Corpse            ||     1
Armor: Robe              ||     7
       Scale mail        ||    35
Dodge: Dodged            ||    38
Block: Large shield      ||    35
